 Dungeon Crawl Stone Soup version 0.31.0-12-g77e489cdc1 (webtiles) character file.

Game seed: 3488969611570539813

970 NotreDorf the Poker (level 8, -3/61 HPs)
             Began as a Merfolk Gladiator on Feb 27, 2024.
             Slain by Duvessa
             ... wielding a +0 rapier
              (10 damage)
             ... on level 5 of the Dungeon.
             The game lasted 00:16:16 (3809 turns).

NotreDorf the Poker (Merfolk Gladiator)             Turns: 3809, Time: 00:16:17

Health: -3/61      AC:  6    Str: 15    XL:     8   Next: 16%
Magic:  11/11      EV: 13    Int: 13    God:
Gold:   195        SH: 15    Dex: 27    Spells: 10/11 levels left

rFire   . . .        a - +0 trident
rCold   + + .        y - +0 tower shield "Wissar" {rC++ Dex+4}
rNeg    . . .        b - +0 leather armour
rPois   .            c - +0 helmet
rElec   .            (no cloak)
rCorr   .            g - +0 pair of gloves
SInv    .            h - +0 pair of boots
Will    .....        (no amulet)
Stlth   +++          m - +6 ring of intelligence
HPRegen 0.30/turn    v - +6 ring of dexterity
MPRegen 0.12/turn

%: no passive effects
@: no status effects
A: (nimble swimmer 2), mertail
a: no special abilities


You were on level 5 of the Dungeon.
You visited 1 branch of the dungeon, and saw 5 of its levels.
You also visited: Sewer.

You collected 195 gold pieces.

Inventory:

Hand Weapons
 a - a +0 trident (weapon)
Missiles
 o - 17 poisoned darts (quivered)
Armour
 b - a +0 leather armour (worn)
 c - a +0 helmet (worn)
 g - a +0 pair of gloves (worn)
 h - a +0 pair of boots (worn)
 y - the +0 tower shield "Wissar" (worn) {rC++ Dex+4}
   (You found it on level 4 of the Dungeon)

   Dex+4:     It affects your dexterity (+4).
   rC++:      It greatly protects you from cold.
Jewellery
 m - a +6 ring of intelligence (left hand)
 v - a +6 ring of dexterity (right hand)
Scrolls
 e - a scroll of poison {unknown}
 f - a scroll of noise {unknown}
 i - 3 scrolls of teleportation
 j - a scroll of amnesia {unknown}
 k - a scroll of identify {unknown}
 q - a scroll of blinking
 s - a scroll of revelation {unknown}
 u - a scroll of butterflies {unknown}
 w - a scroll of acquirement {unknown}
 x - a scroll of fear {unknown}
Potions
 l - 2 potions of berserk rage {unknown}
 p - a potion of heal wounds {unknown}
 r - a potion of resistance {unknown}
 t - 3 potions of mutation {unknown}
 z - a potion of ambrosia {unknown}
 A - a potion of curing {unknown}


   Skills:
 + Level 4.6 Fighting
 + Level 6.4 Polearms
 - Level 3.8 Throwing
 + Level 6.3 Dodging
 + Level 4.2 Stealth
 + Level 1.3 Shields
 - Level 2.2 Spellcasting
 + Level 1.6 Ice Magic


You had 10 spell levels left.
You knew the following spells:

 Your Spells              Type           Power      Damage    Failure   Level
a - Freeze                Ice            20%        1d4       95%         1

Your spell library contained the following spells:

 Spells                   Type           Power      Damage    Failure   Level
 Foxfire                  Conj/Fire      4%         2x1d4     99%         1
 Sublimation of Blood     Necr           1%         N/A       100%        2
 Frozen Ramparts          Ice            10%        1d2       100%        3
 Fugue of the Fallen      Necr           1%         N/A       100%        3
 Hailstorm                Conj/Ice       3%         3d5       100%        3
 Ozocubu's Armour         Ice            5%         N/A       100%        3
 Manifold Assault         Tloc           1%         N/A       100%        4
 Petrify                  Alch/Erth      1%         N/A       100%        4
 Irradiate                Conj/Alch      0%         3d11      100%        5
 Metabolic Englaciation   Hex/Ice        1%         N/A       100%        5
 Plasma Beam              Fire/Air       0%         2x1d10    100%        6
 Sculpt Simulacrum        Ice/Alch       1%         N/A       100%        6
 Starburst                Conj/Fire      0%         6d3       100%        6


Dungeon Overview and Level Annotations

Branches:
Dungeon (5/15)              Sewer (visited)
 Temple: D:4-7

Altars:

Annotations:
D:5 Duvessa


Innate Abilities, Weirdness & Mutations

((You are very nimble when in or above water. (Stealth+, EV+, Speed+++)))
Your lower body shifts to a powerful aquatic tail in water.


Message History

Press: ? - help, Q - select action, (/) - cycle Shift-Dir - straight line, f/p - Dowan
Aim: Dowan, wielding a +0 dagger and wearing a +0 robe (moderately wounded, poisoned, 57% to hit)
You throw a poisoned dart. The poisoned dart hits Dowan!
Dowan looks even sicker.
Dowan is moderately wounded.
Duvessa zaps a wand.
The puff of flame misses you. You block Dowan's attack. Duvessa misses you.
Throw: 18 darts (poison)
Press: ? - help, Q - select action, (/) - cycle Shift-Dir - straight line, f/p - Dowan
Aim: Dowan, wielding a +0 dagger and wearing a +0 robe (moderately wounded, very poisoned, 57% to hit)
You throw a poisoned dart. The poisoned dart hits Dowan.
Dowan looks as sick as possible!
Dowan is moderately wounded.
Dowan hits you with a +0 dagger. You block Duvessa's attack.
You hit Duvessa but do no damage.
Duvessa is heavily wounded.
You block Dowan's attack.
Duvessa zaps a wand.
The puff of flame hits you!
* * * LOW HITPOINT WARNING * * *
You hit Duvessa but do no damage.
Duvessa is heavily wounded.
You kill Dowan!
Duvessa weeps, and shakes her weapon.
Duvessa goes berserk!
Duvessa barely misses you. You block Duvessa's attack.
You completely miss Duvessa.
Duvessa is heavily wounded.
You block Duvessa's attack. x2
You hit Duvessa.
Duvessa is heavily wounded.
Duvessa hits you with a +0 rapier.
* * * LOW HITPOINT WARNING * * *
You block Duvessa's attack.
You hit Duvessa but do no damage.
Duvessa is heavily wounded.
You block Duvessa's attack. x2
You hit Duvessa.
Duvessa is heavily wounded.
Duvessa hits you with a +0 rapier.
* * * LOW HITPOINT WARNING * * *
Duvessa hits you with a +0 rapier!
You die...

#...# .........
#....##........
.#.....#..#.....
................
............... ...
#<.........#
....###........#
....##..$..#...# .#
........@...##..# ..
#.......#e....#..# . . #.#
.#.......#....##..#... . ..
....................# ..##
##.........#........# ...#
#..........###......#
#..#####........†#####..###
......##..........## .(#
..............[....#. ...


You could see Duvessa (berserk).

Vanquished Creatures
  A phantom (D:4)
  4 kobold brigands (Sewer)
  A brain worm (Sewer)
  3 scorpions
  Dowan (D:5)
  A howler monkey (D:4)
  A bombardier beetle (D:4)
  2 hounds
  A sleepcap (D:5)
  Terence (D:3)
  6 adders
  2 river rats (Sewer)
  2 ribbon worms (Sewer)
  2 dart slugs (D:2)
  An orc (D:4)
  9 ball pythons
  8 endoplasms
  4 giant cockroaches
  3 goblins
  3 hobgoblins
  8 jackals
  2 quokkas
  4 bats
  3 frilled lizards (D:3)
  8 kobolds
  8 rats
89 creatures vanquished.

Notes
Turn   | Place    | Note
-------+----------+-------------------------------------------
     0 | D:1      | NotreDorf the Merfolk Gladiator began the quest for the
                  | Orb.
     0 | D:1      | Reached XP level 1. HP: 16/16 MP: 1/1
   114 | D:1      | Reached XP level 2. HP: 17/23 MP: 2/2
   114 | D:1      | Found a faded altar of an unknown god.
   389 | D:1      | Reached skill level 1 in Stealth
   674 | D:2      | Identified the +4 dagger of the Bedazzling Blowfly {freeze,
                  | rC+ rN++}
   707 | D:2      | Reached XP level 3. HP: 28/28 MP: 3/3
  1369 | D:3      | Found a glowing drain.
  1372 | Sewer    | Entered a sewer
  1395 | Sewer    | Noticed a kobold brigand
  1437 | Sewer    | Killed a kobold brigand
  1438 | Sewer    | Reached XP level 4. HP: 10/35 MP: 3/5
  1438 | Sewer    | Reached XP level 5. HP: 12/41 MP: 3/6
  1677 | Sewer    | Reached skill level 1 in Spellcasting
  1743 | Sewer    | Noticed a kobold brigand
  1760 | Sewer    | Killed a kobold brigand
  1761 | Sewer    | Reached skill level 5 in Polearms
  1761 | Sewer    | Reached skill level 5 in Dodging
  1859 | Sewer    | Reached XP level 6. HP: 45/47 MP: 7/7
  2054 | Sewer    | Reached XP level 7. HP: 9/53 MP: 9/9
  2537 | D:3      | Noticed Terence
  2546 | D:3      | Killed Terence
  2688 | D:3      | Learned a level 1 spell: Freeze
  2952 | D:4      | Identified the +0 tower shield "Wissar" {rC++ Dex+4}
  3335 | D:4      | Reached skill level 1 in Ice Magic
  3592 | D:5      | Entered Level 5 of the Dungeon
  3617 | D:5      | Noticed Dowan
  3621 | D:5      | Noticed Duvessa
  3677 | D:5      | Reached skill level 1 in Shields
  3703 | D:5      | Reached XP level 8. HP: 47/61 MP: 11/11
  3805 | D:5      | Killed Dowan
  3809 | D:5      | Slain by Duvessa

Illustrated notes

Levels and vault maps discovered:
D:1:      minmay_arrival_stone_box, layout_loops_ring,
          dreamdust_ecumenical_altar_grove
D:2:      layout_loops_ring
D:3:      layout_basic, mainiacjoe_sewer_entry_somewhere_in_here_1, uniq_terence
D:4:      layout_cave_pods, dreamdust_princess_bridge
D:5:      layout_cave_pools, old_standard_altar, uniq_sigmund, uniq_duvessa

Skill      XL: |  1  2  3  4  5  6  7 |
---------------+----------------------+-----
Stealth        | 1 2 3 4 |  4.2
Fighting       | 3 4 |  4.6
Spellcasting   | 1 2 |  2.2
Polearms       | 5 6 |  6.4
Throwing       | 3 |  3.8
Dodging        | 5 6 |  6.3
Ice Magic      | 1 |  1.6
Shields        | 1 |  1.3

Action                     |  1- 3 |  4- 6 |  7- 9 || total
---------------------------+-------+-------+-------++-------
  Melee: Trident           |   114 |    94 |   156 ||   364
         Tailslap          |     1 |     9 |     2 ||    12
  Throw: Throwing net      |       |       |     6 ||     6
         Dart              |       |       |     3 ||     3
   Cast: Freeze            |       |       |     3 ||     3
    Use: Scroll            |       |       |     2 ||     2
   Stab: Sleeping          |     4 |     2 |     9 ||    15
         Distracted        |       |     1 |     1 ||     2
         Held in net/web   |       |       |     4 ||     4
 Armour: Leather armour    |    37 |    24 |    62 ||   123
  Dodge: Dodged            |    57 |    51 |    73 ||   181
  Block: Tower shield      |       |       |   143 ||   143
